AoeStats
← Benitodelamuert

MegaRandom

508727673Analyzed
3v3 RM · 10d ago on Sep 23, 2026· 88m 15s· 6 players
Game mode
Random Map
Map size
Normal (6 player)
Population
200
Speed
Normal
Resources
Standard
Victory
Conquest
Starting age
Dark Age
Ending age
Imperial Age
RankedLock teamsTeams togetherTeam positionsShared explorationLock speedFull tech treeHidden civsTurbo modeCheats
Victory
Defeat
🇫🇷 Huns · France
531
+14
🇫🇷 Poles · France
530
+14
🇫🇷 Sicilians · France
523
+14
🇸🇪 Britons · Sweden
508
-15
🇵🇱 Lithuanians · Poland
492
-14
🇮🇪 Persians · Ireland
453
-13
pedrogragui
11:58 Feudal Age
13:22 Wheelbarrow
12:35 Double-Bit Axe
12:35 Horse Collar
12:48 Loom
17:15 Man-at-Arms
27:41 Castle Age
29:19 Hand Cart
29:07 Heavy Plow
29:22 Bow Saw
30:08 Husbandry
29:29 Light Cavalry
37:56 Scale Barding Armor
38:02 Forging
41:11 Imperial Age
39:35 Masonry
39:20 Murder Holes
39:17 Guard Tower
39:49 Ballistics
43:07 Heavy Scorpion
44:51 Chemistry
44:22 Architecture
43:44 Heated Shot
44:14 Ballistics
46:13 Two-Man Saw
45:48 Crop Rotation
45:01 Heavy Camel Rider
46:05 Chain Barding Armor
48:51 Town Watch
49:48 Plate Barding Armor
49:48 Iron Casting
49:14 Scale Mail Armor
51:40 Town Patrol
57:10 Kamandaran
57:49 Hoardings
57:35 Conscription
59:15 Blast Furnace
58:32 Chain Mail Armor
60:53 Caravan
61:24 Coinage
83:32 Elite Cannon Galleon
83:34 Demolition Ship
cartofel22
5:30 Loom
12:25 Feudal Age
18:16 Horse Collar
18:26 Fishing Lines
23:54 Castle Age
23:27 Stone Mining
23:48 Gold Mining
24:21 Bloodlines
26:12 Heavy Plow
26:47 Fervor
26:59 Sanctity
27:31 Devotion
30:42 Husbandry
33:05 Caravan
33:36 Coinage
40:07 Imperial Age
40:13 Imperial Age
38:35 Hill Forts
40:00 Forging
39:56 Scale Barding Armor
39:42 Fletching
39:53 Scale Mail Armor
39:54 Padded Archer Armor
40:04 Double-Bit Axe
42:47 Tower Shields
42:08 Elite Leitis
43:09 Conscription
44:19 Chemistry
43:01 Treadmill Crane
43:41 Ballistics
43:32 Bodkin Arrow
45:41 Banking
45:49 Fortified Wall
45:52 Masonry
45:18 Elite Skirmisher
48:24 Theocracy
48:56 Wheelbarrow
50:20 Hand Cart
49:51 Town Watch
51:00 Hoardings
50:52 Medium Warships
50:04 Elite Cannon Galleon
50:05 Demolition Ship
50:37 Gillnets
52:29 Chain Barding Armor
52:44 Iron Casting
52:27 Leather Archer Armor
53:16 Guilds
55:31 Crop Rotation
55:30 Heavy Warships
55:21 Town Patrol
55:55 Architecture
55:21 Murder Holes
56:55 Plate Barding Armor
57:22 Illumination
58:42 Bombard Tower
58:13 Guard Tower
58:34 Careening
60:28 Block Printing
62:55 Squires
62:16 Pikeman
65:09 Heresy
68:19 Herbal Medicine
69:05 Bracer
72:12 Halberdier
77:48 Arson
77:24 Man-at-Arms
82:28 Chain Mail Armor
82:43 Ring Archer Armor
82:44 Faith
82:25 Atonement
82:45 Bow Saw
Ronny. F Sweden
0:33 Loom
15:58 Feudal Age
16:33 Town Watch
17:24 Wheelbarrow
16:49 Stone Mining
16:42 Horse Collar
16:54 Gold Mining
16:55 Double-Bit Axe
17:07 Fishing Lines
18:03 Fletching
18:52 Padded Archer Armor
18:52 Scale Mail Armor
20:58 Forging
20:54 Scale Barding Armor
24:39 Castle Age
22:28 Man-at-Arms
24:56 Crossbowman
25:41 Town Patrol
26:15 Leather Archer Armor
25:55 Bodkin Arrow
26:16 Chain Mail Armor
26:21 Chain Barding Armor
27:27 Hand Cart
29:54 Herbal Medicine
30:00 Devotion
30:20 Sanctity
30:11 Fervor
30:20 Heavy Plow
30:52 Elite Skirmisher
31:34 Husbandry
32:22 Pikeman
32:22 Long Swordsman
33:03 Squires
35:29 Murder Holes
36:50 Iron Casting
41:40 Imperial Age
39:18 Gillnets
39:36 Arson
39:36 Gambesons
40:29 Guard Tower
40:59 Ballistics
40:50 Fortified Wall
40:30 Heated Shot
40:51 Masonry
42:47 Yeomen
41:48 Elite Longbowman
42:49 Conscription
43:03 Ring Archer Armor
42:34 Bracer
43:04 Plate Mail Armor
44:10 Caravan
44:41 Coinage
44:21 Guilds
43:52 Sappers
45:18 Plate Barding Armor
47:10 Banking
46:19 Cranequins
48:57 Hoardings
47:49 Two-Handed Swordsman
52:17 Warwolf
54:53 Arbalester
56:11 Bow Saw
55:23 Champion
56:44 Keep
55:49 Treadmill Crane
56:40 Architecture
55:56 Arrowslits
56:17 Siege Engineers
64:00 Chemistry
64:02 Blast Furnace
67:50 Halberdier
68:18 Light Cavalry
68:18 Cavalier
70:42 Block Printing
70:52 Illumination
71:02 Theocracy
70:36 Siphons
70:42 Clinker Construction
saucisse
2:58 Loom
14:14 Feudal Age
17:14 Arson
17:56 Double-Bit Axe
23:15 Bloodlines
29:31 Castle Age
31:06 Light Cavalry
31:55 Husbandry
33:28 Elite Skirmisher
48:16 Imperial Age
46:26 Ballistics
48:06 Marauders
48:18 Scale Barding Armor
48:08 Fletching
48:29 Forging
48:19 Scale Mail Armor
48:20 Padded Archer Armor
48:53 Caravan
50:13 Atheism
49:14 Elite Tarkan
51:49 Hussar
51:49 Cavalier
55:09 Horse Collar
55:53 Chain Barding Armor
55:49 Chain Mail Armor
56:09 Iron Casting
55:30 Bodkin Arrow
55:50 Leather Archer Armor
55:27 Stone Mining
55:51 Bow Saw
55:47 Gold Mining
62:02 Paladin
65:42 Chemistry
77:18 Parthian Tactics
Matyouz
1:04 Loom
14:31 Feudal Age
16:25 Wheelbarrow
18:11 Gold Mining
18:12 Stone Mining
21:24 Double-Bit Axe
24:54 Forging
24:38 Fletching
30:53 Castle Age
33:13 Iron Casting
32:39 Scale Mail Armor
32:36 Crossbowman
35:01 Hand Cart
37:13 Gold Shaft Mining
36:58 Chain Mail Armor
38:14 Stone Shaft Mining
38:43 Pikeman
45:02 Imperial Age
43:25 Caravan
44:11 Squires
45:22 Arson
46:30 Halberdier
48:44 Blast Furnace
48:17 Plate Mail Armor
48:44 Cavalier
52:19 Scale Barding Armor
53:12 Husbandry
53:53 Elite Serjeant
54:55 Hauberk
59:14 Chain Barding Armor
63:37 Plate Barding Armor
64:59 Gambesons
64:35 Man-at-Arms
69:35 Long Swordsman
71:06 Bow Saw
71:11 Two-Handed Swordsman
75:21 Champion
Benitodelamuert
13:07 Loom
14:53 Feudal Age
15:46 Double-Bit Axe
17:20 Wheelbarrow
18:51 Scale Barding Armor
19:37 Bloodlines
19:46 Horse Collar
25:37 Castle Age
28:08 Chain Barding Armor
28:02 Forging
32:16 Husbandry
38:05 Imperial Age
35:52 Hand Cart
35:51 Pikeman
36:32 Squires
36:18 Arson
38:16 Cavalier
40:48 Bow Saw
43:54 Elite Obuch
48:28 Szlachta Privileges
52:59 Iron Casting
52:29 Scale Mail Armor
57:49 Lechitic Legacy
62:16 Capped Ram
65:06 Blast Furnace
67:32 Siege Ram
72:24 Scale Mail Armor
Connection lost

Rejoining the realm…

Still unreachable

The connection could not be restored.

Session expired

The server has moved on; the page needs a fresh start.